 Dungeon Crawl Stone Soup version 0.31-a0-210-gccc998df9b (webtiles) character file.

Game seed: 16254751916313408523

21602 TrayleKats the Grappler (level 12, 0/119 HPs)
             Began as a Troll Fighter on June 29, 2023.
             Was a Priest of Wu Jian.
             Slain by a black mamba (12 damage)
             ... on level 1 of the Lair of Beasts.
             The game lasted 00:15:51 (12586 turns).

TrayleKats the Grappler (Troll Fighter)            Turns: 12586, Time: 00:15:52

Health: 0/119      AC:  8    Str: 32    XL:     12   Next: 55%
Magic:  11/11      EV:  9    Int: 15    God:    Wu Jian [***...]
Gold:   734        SH: 10    Dex:  8    Spells: 11/11 levels left

rFire   . .          .
                       - Unarmed
rCold   . . .        b - +1 kite shield
rNeg    . . .        a - +0 robe
rPois   +            f - +0 hat "Voyrohim" {Int+3}
rElec   .            (no cloak)
rCorr   .            (gloves unavailable)
SInv    .            (boots unavailable)
Will    .....        (no amulet)
Stlth   +            o - +6 ring of strength
HPRegen 1.19/turn    G - ring of the Firefly {rPois AC+4}
MPRegen 0.12/turn

%: no passive effects
@: studying Throwing
A: large, unfitting armour, claws 3, regeneration 1, shaggy fur 1, tough skin 1,
clever 1, frail 1
a: Renounce Religion, Wall Jump, Serpent's Lash


You were on level 1 of the Lair of Beasts.
You worshipped Wu Jian.
Wu Jian was most pleased with you.
You visited 3 branches of the dungeon, and saw 15 of its levels.

You collected 734 gold pieces.

Inventory:

Missiles
 d - 3 curare-tipped darts
 e - a boomerang of dispersal
 p - 16 poisoned darts
 H - 2 boomerangs (quivered)
Armour
 a - a +0 robe (worn)
 b - a +1 kite shield (worn)
 f - the +0 hat "Voyrohim" (worn) {Int+3}
   (You found it on level 8 of the Dungeon)

   Int:       It affects your intelligence (+3).
 s - a +0 tower shield
Jewellery
 k - a ring of flight
 o - a +6 ring of strength (left claw)
 v - a ring of positive energy
 A - a ring of wizardry
 C - the ring "Toselaitt" {Int+6 Dex+5}
   (You found it on level 11 of the Dungeon)

   [ring of intelligence]

   Int:       It affects your intelligence (+6).
   Dex:       It affects your dexterity (+5).
 E - a ring of protection from fire
 F - a ring of resist corrosion
 G - the ring of the Firefly (right claw) {rPois AC+4}
   (You found it on level 1 of the Lair of Beasts)

   [ring of protection]

   AC:        It affects your AC (+4).
   rPois:     It protects you from poison.
Wands
 n - a wand of roots (11)
 q - a wand of digging (3)
 u - a wand of paralysis (8)
 D - a wand of quicksilver (10)
Scrolls
 h - 9 scrolls of teleportation
 j - a scroll of amnesia {unknown}
 l - 2 scrolls of enchant armour
 t - 2 scrolls of fear
 x - 8 scrolls of identify
 y - a scroll of immolation {unknown}
 z - 2 scrolls of fog
 I - a scroll of brand weapon {unknown}
 K - a scroll of enchant weapon
Potions
 c - 4 potions of might
 g - 3 potions of enlightenment
 i - 5 potions of brilliance
 m - 6 potions of curing
 r - a potion of haste {unknown}
 w - 3 potions of attraction
 B - a potion of heal wounds {unknown}
 J - a potion of ambrosia


   Skills:
 + Level 12.4 Fighting
 + Level 10.2 Throwing
 - Level 2.4 Dodging
 + Level 8.0 Shields
 + Level 12.9 Unarmed Combat


You had 11 spell levels left.
You didn't know any spells.
Your spell library contained the following spells:

 Spells                   Type           Power      Damage    Failure   Level
 Freeze                   Ice            0%         1d3       41%         1
 Slow                     Hex            0%         N/A       41%         1
 Call Canine Familiar     Summ           0%         N/A       78%         3
 Confusing Touch          Hex            0%         N/A       78%         3
 Frozen Ramparts          Ice            0%         1d1       78%         3
 Hailstorm                Conj/Ice       0%         3d3       78%         3
 Inner Flame              Hex/Fire       0%         N/A       78%         3
 Portal Projectile        Hex/Tloc       0%         N/A       78%         3
 Tukima's Dance           Hex            0%         N/A       78%         3
 Vampiric Draining        Necr           0%         2d6       78%         3
 Ice Form                 Ice/Tmut       0%         N/A       99%         4
 Leda's Liquefaction      Hex/Erth       0%         N/A       99%         4
 Summon Ice Beast         Ice/Summ       0%         N/A       99%         4
 Blade Hands              Tmut           0%         N/A       100%        5
 Yara's Violent Unravell  Hex/Tmut       0%         3d3       100%        5
 Enfeeble                 Hex            0%         N/A       100%        7


Dungeon Overview and Level Annotations

Branches:
Dungeon (13/15)            Temple (1/1) D:4            Lair (1/5) D:8
    Orc (0/2) D:10
 Vaults: D:13-14

Altars:
Ashenzari
Cheibriados
Dithmenos
Elyvilon
Fedhas
Gozag
Hepliaklqana
Kikubaaqudgha
Makhleb
Nemelex Xobeh
Okawaru
Qazlal
Ru
Sif Muna
Trog
Uskayaw
Vehumet
Wu Jian
Xom
Yredelemnul
Zin
The Shining One

Shops:
D:3 (   D:4 [   D:6 :

Annotations:
D:12 2 transporters, innerfire43's ghost, journeyman DsMo


Innate Abilities, Weirdness & Mutations

You are too large for most types of armour.
You have claws for hands.
Your natural rate of healing is unusually fast.
You are covered in fur. (AC +1)
You have tough skin. (AC +1)
Your mind is acute. (Int +4, Str/Dex -1)
You are frail. (-10% HP)


Message History

The five-headed hydra bites you!
The five-headed hydra bites you but does no damage. x2
The five-headed hydra bites you!
Throw: 3 boomerangs
Press: ? - help, Q - select action, (/) - cycle Shift-Dir - straight line, f - five-headed hydra, p - black mamba
Aim: a five-headed hydra (almost dead, 82% to hit)
You throw a boomerang.
The boomerang hits the five-headed hydra.
The five-headed hydra is almost dead.
The five-headed hydra bites you.
You block the five-headed hydra's attack.
The five-headed hydra bites you.
* * * LOW HITPOINT WARNING * * *
The five-headed hydra barely misses you.
You block the five-headed hydra's attack.
Throw: 3 boomerangs
Press: ? - help, Q - select action, (/) - cycle Shift-Dir - straight line, f/p - five-headed hydra
Aim: a five-headed hydra (almost dead, 82% to hit)
You throw a boomerang.
The boomerang hits the five-headed hydra and shatters for extra damage.
You kill the five-headed hydra!
The Council accepts your kill. You block the black mamba's attack.
Your Shields skill increases to level 8!
You barely miss the black mamba.
The black mamba is severely wounded.
You block the black mamba's attack.
You completely miss the black mamba.
The black mamba is severely wounded.
You block the black mamba's attack. The black mamba bites you!
* * * LOW HITPOINT WARNING * * *
You scratch the black mamba.
The black mamba is almost dead.
The black mamba bites you!
* * * LOW HITPOINT WARNING * * *
You closely miss the black mamba.
The black mamba is almost dead.
The black mamba bites you but does no damage.
The black mamba bites you!
You die...

#....###..##..##.####...#P...P#.#
...### #...#........###.###'###.#
..## #...####....#(.#.........#
.## #..#.####..#.##.##.###.#.# .#
####.........#.#..#...##.#..#
.####.##...###.##.#.#####..####.#
.................#..#....#.#..#.#
...####....##.###...##.##..#.##.#
...# ###......S@.#####...รท......
.### #.###'###.#.#.#.#######.. .#
#.#P...P#.##..#.#Pl[.P#.. ##
#.#.###.#.#...#.#.###.#..
#.#.#(#.#..#.#..+.#(+.#..
#.#.#+#.#.#..##.#.###.#.. #.#P.
.P#..#.##.#P...P#..
#.#######.##.#..#######..
#........................


You could see a black mamba.

Vanquished Creatures
  Fannar (D:11)
  A hydra (Lair:1)
  A boulder beetle (D:12)
  4 two-headed ogres
  Pikel (D:7)
  A deep elf pyromancer (D:7)
  A manticore (D:11)
  2 black mambas (Lair:1)
  Joseph (D:8)
  A gargoyle (D:13)
  4 cane toads (Lair:1)
  A kobold demonologist (D:11)
  An unseen horror (D:11)
  2 komodo dragons (Lair:1)
  A troll (D:12)
  3 hornets
  A dream sheep (Lair:1)
  3 slime creatures (D:12)
  A vampire (D:11)
  18 yaks
  7 wraiths
  2 wyverns
  A basilisk (D:8)
  2 vampire mosquitoes (D:13)
  3 steam dragons (D:8)
  An acid dragon (D:12)
  2 water moccasins
  Duvessa (D:7)
  An ice beast (D:6)
  5 orc warriors
  2 black bears
  A sky beast (D:7)
  An ogre (D:4)
  4 lemures (D:7)
  8 centaurs
  2 bullfrogs
  2 scorpions (D:5)
  4 wights (D:8)
  Dowan (D:7)
  5 killer bees (D:8)
  2 howler monkeys (D:12)
  A gnoll bouda (D:7)
  3 orc priests
  4 iguanas
  9 orc wizards
  Natasha (thrice) (D:4)
  15 gnolls
  9 adders
  A white imp (D:5)
  4 worms
  4 dart slugs
  28 orcs
  6 endoplasms
  5 giant cockroaches
  6 goblins
  9 hobgoblins
  9 jackals
  5 kobolds
  4 quokkas
  9 ball pythons
  9 bats
  3 frilled lizards
  2 rats (D:2)
254 creatures vanquished.

Vanquished Creatures (others)
  An orc wizard (D:6)
1 creature vanquished.

Grand Total: 255 creatures vanquished

Notes
Turn   | Place    | Note
-------+----------+-------------------------------------------
     0 | D:1      | TrayleKats the Troll Fighter began the quest for the Orb.
     0 | D:1      | Reached XP level 1. HP: 22/22 MP: 0/0
   231 | D:1      | Reached XP level 2. HP: 29/29 MP: 1/1
   494 | D:1      | Reached XP level 3. HP: 34/36 MP: 2/2
   810 | D:2      | Found a faded altar of an unknown god.
   956 | D:2      | Reached XP level 4. HP: 44/44 MP: 3/3
  1017 | D:2      | HP: 2/44 [poisoned by a kobold]
  1022 | D:2      | HP: 1/44 [poisoned by a kobold]
  1343 | D:3      | Found Ugifoh's Antique Weapon Shop.
  1347 | D:3      | Reached skill level 1 in Throwing
  1475 | D:3      | Reached XP level 5. HP: 10/53 MP: 4/4
  2120 | D:4      | Found a staircase to the Ecumenical Temple.
  2128 | D:4      | Reached XP level 6. HP: 42/61 MP: 5/5
  2135 | Temple   | Entered the Ecumenical Temple
  2385 | D:4      | Reached skill level 5 in Unarmed Combat
  2431 | D:4      | Noticed Natasha
  2435 | D:4      | Found an ornate altar of the Wu Jian Council.
  2438 | D:4      | Killed Natasha
  2451 | D:4      | Became a worshipper of the Wu Jian Council
  2732 | D:4      | Noticed Natasha
  2741 | D:4      | Killed Natasha
  2947 | D:4      | Found a shadowy altar of Dithmenos.
  2950 | D:4      | Found a stormy altar of Qazlal.
  2950 | D:4      | Noticed Natasha
  2952 | D:4      | Found a sparkling altar of Nemelex Xobeh.
  2953 | D:4      | Found a hazy altar of Hepliaklqana.
  2953 | D:4      | Found a white marble altar of Elyvilon.
  2953 | D:4      | Found an opulent altar of Gozag.
  2955 | D:4      | Killed Natasha
  2956 | D:4      | Reached XP level 7. HP: 68/68 MP: 6/6
  3038 | D:4      | Found an ancient bone altar of Kikubaaqudgha.
  3186 | D:4      | Found Vowin's Armour Shoppe.
  3767 | D:5      | Entered Level 5 of the Dungeon
  3900 | D:5      | Reached * piety under Wu Jian
  4404 | D:6      | Found a hide-covered altar of Uskayaw.
  4679 | D:6      | Reached XP level 8. HP: 37/97 MP: 7/7
  4680 | D:6      | Reached skill level 10 in Unarmed Combat
  4680 | D:6      | Reached XP level 9. HP: 34/105 MP: 8/8
  5315 | D:6      | Found Legomn's Tiny Tomes.
  5669 | D:7      | Found a shimmering blue altar of Sif Muna.
  6042 | D:7      | Noticed Pikel
  6078 | D:7      | Killed Pikel
  6079 | D:7      | Reached XP level 10. HP: 91/113 MP: 9/9
  6145 | D:7      | Noticed Duvessa
  6145 | D:7      | Noticed Dowan
  6170 | D:7      | Killed Duvessa
  6171 | D:7      | Killed Dowan
  6382 | D:7      | Found a glowing silver altar of Zin.
  6382 | D:7      | Noticed an angel
  6548 | D:8      | Reached skill level 5 in Throwing
  6626 | D:8      | Reached skill level 5 in Shields
  6626 | D:8      | Noticed a deep elf pyromancer
  6914 | D:7      | Killed a deep elf pyromancer
  6976 | D:8      | Gained mutation: You occasionally lose the ability to read
                  | scrolls when taking damage. [potion of mutation]
  6976 | D:8      | Gained mutation: You are partially covered in iridescent
                  | scales. (AC +2) [potion of mutation]
  6977 | D:8      | Lost mutation: You occasionally lose the ability to read
                  | scrolls when taking damage. [potion of mutation]
  6977 | D:8      | Lost mutation: You are partially covered in iridescent
                  | scales. (AC +2) [potion of mutation]
  6977 | D:8      | Gained mutation: You are frail. (-10% HP) [potion of
                  | mutation]
  6977 | D:8      | Gained mutation: Your mind is acute. (Int +4, Str/Dex -1)
                  | [potion of mutation]
  6989 | D:8      | Found a staircase to the Lair.
  7123 | D:8      | Reached ** piety under Wu Jian
  7128 | D:8      | Identified the +0 hat "Voyrohim" {Int+3}
  7355 | D:8      | Noticed Joseph
  7374 | D:8      | Killed Joseph
  7885 | D:9      | Noticed a two-headed ogre
  7918 | D:9      | Killed a two-headed ogre
  7919 | D:9      | Reached XP level 11. HP: 108/108 MP: 10/10
  8470 | D:9      | Noticed a two-headed ogre
  8475 | D:9      | Killed a two-headed ogre
  8505 | D:9      | Identified the +1 sling of TrayleKats's Misery {drain,
                  | Dex+3}
  8685 | D:10     | Entered Level 10 of the Dungeon
  8746 | D:10     | Found a staircase to the Orcish Mines.
  8894 | D:10     | Noticed a two-headed ogre
  8909 | D:10     | Killed a two-headed ogre
  9201 | D:10     | Found a broken altar of Ashenzari.
  9274 | D:10     | Found a glowing golden altar of the Shining One.
  9612 | D:11     | Noticed a two-headed ogre
  9616 | D:11     | Identified the ring "Toselaitt" {Int+6 Dex+5}
  9625 | D:11     | Killed a two-headed ogre
  9806 | D:11     | Noticed a soul eater
 10119 | D:11     | Noticed Fannar
 10136 | D:11     | Killed Fannar
 10149 | D:11     | Reached *** piety under Wu Jian
 10758 | D:12     | Found a burning altar of Makhleb.
 10782 | D:12     | Noticed a boulder beetle
 10796 | D:12     | Killed a boulder beetle
 11029 | D:12     | Found a transporter.
 11034 | D:12     | Found a transporter.
 11039 | D:12     | Noticed innerfire43's ghost (journeyman DsMo)
 11075 | D:12     | Reached XP level 12. HP: 118/118 MP: 11/11
 11475 | D:13     | Noticed a two-headed ogre
 11480 | D:13     | Noticed a tengu warrior
 11594 | Lair:1   | Entered Level 1 of the Lair of Beasts
 11760 | Lair:1   | Identified the ring of the Firefly {rPois AC+4}
 11827 | Lair:1   | Reached skill level 10 in Throwing
 12024 | Lair:1   | Reached **** piety under Wu Jian
 12570 | Lair:1   | Noticed a five-headed hydra
 12582 | Lair:1   | Killed a five-headed hydra
 12586 | Lair:1   | Slain by a black mamba

Illustrated notes

Levels and vault maps discovered:
D:1:      sevenhm_arrival_forest_fort_large_2, layout_loops_ring
D:2:      layout_rooms, chequers_ecumenical_altar_simple_redux
D:3:      layout_loops_ring, serial_shops, nicolae_shop_trees
D:4:      layout_layer_cave, mainiacjoe_overflow_cross_hatched,
          kiku_gazebo_pond_becter, grunt_temple_overflow_open,
          minmay_temple_entry_proselytizer, serial_shops,
          nicolae_shop_just_a_little_nook, kennysheep_generic_room_3,
          uniq_natasha
D:5:      layout_rooms, minivault_1
D:6:      layout_gridville, mainiacjoe_overflow_paths, hex_medium,
          nicolae_shop_i_like_small_books_too, corexii_corridor_pit
D:7:      layout_rooms, zin_angel, kennysheep_little_box, uniq_duvessa,
          uniq_pikel
D:8:      layout_basic, david_lair_generic, kennysheep_generic_room_11,
          uniq_joseph
D:9:      layout_roguey
D:10:     layout_loops_ring, general_overflow_altar,
          nicolae_tso_carved_into_rock, david_orc_1_choice
D:11:     layout_loops_ring, uniq_fannar
D:12:     layout_roguey, gammafunk_ghost_hive, bloody_makhleb
D:13:     nzn_winding_woodlands_medium [nzn_winding_woodlands_5x5_perimeter,
          nzn_winding_woodlands_5x15_sawtooth, nzn_winding_woodlands_5x5_three,
          nzn_winding_woodlands_5x5_cross, nzn_winding_woodlands_center_garden,
          nzn_winding_woodlands_5x5_checkerboard,
          nzn_winding_woodlands_5x5_default, nzn_winding_woodlands_5x15_jagged,
          nzn_winding_woodlands_5x5_default], layout_rooms,
          nicolae_fountain_basement
Temple:   chequers_temple_sunken
Lair:1:   layout_misc_corridors, gammafunk_ghost_ooze, minmay_hedge_maze,
          serial_bayou_pond_a, minmay_shattered_shrine, lemuel_fruit_tree

Skill      XL: |  1  2  3  4  5  6  7  8  9 10 11 12 |
---------------+-------------------------------------+-----
Shields        | 3 4 5 7 8 |  8.0
Unarmed Combat | 3 4 5 6 10 11 12 | 12.9
Fighting       | 3 11 12 | 12.4
Throwing       | 1 2 3 4 6 9 10 | 10.2
Dodging        | |  2.4

Action                     |  1- 3 |  4- 6 |  7- 9 | 10-12 || total
---------------------------+-------+-------+-------+-------++-------
  Melee: Unarmed           |   100 |   138 |   149 |   407 ||   794
  Throw: Dart              |     6 |    23 |     8 |    45 ||    82
         Boomerang         |       |     1 |       |     3 ||     4
 Invoke: Serpent's Lash    |       |       |       |     1 ||     1
Ability: Lunge             |       |     3 |    11 |    20 ||    34
         Whirlwind         |       |       |     2 |     1 ||     3
  Evoke: Wand              |       |       |       |     5 ||     5
    Use: Scroll            |       |       |    10 |     6 ||    16
         Potion            |       |       |     4 |     2 ||     6
   Stab: Sleeping          |       |     2 |     1 |     1 ||     4
 Armour: Robe              |    36 |    31 |    23 |    51 ||   141
  Dodge: Dodged            |    36 |    45 |    26 |    87 ||   194
  Block: Kite shield       |    41 |    36 |    53 |   153 ||   283

Table legend: (Time is in decaauts)
 A = Elapsed time spent in this place.
 B = Non-inter-level travel time spent in this place.
 C = Inter-level travel time spent in this place.
 D = Time resting spent in this place.
 E = Time spent auto-exploring this place.
 F = Levels seen in this place.
 G = Mean time per level.
                   A        B        C        D        E       F      G
               +--------+--------+--------+--------+--------+-----+--------+
         Total |  12565 |  12003 |    562 |   2558 |   7441 |  15 |  837.7 |
       Dungeon |  11411 |  10877 |    534 |   2169 |   6877 |  13 |  877.8 |
        Temple |    177 |    149 |     28 |      0 |    139 |   1 |  177.0 |
          Lair |    976 |    976 |      0 |    389 |    425 |   1 |  976.0 |
               +--------+--------+--------+--------+--------+-----+--------+

Top non-repeatable levels by time:
     D:4: 1589 daAuts
     D:6: 1222 daAuts
    D:11: 1183 daAuts
     D:7: 1106 daAuts
     D:8: 1104 daAuts
  Lair:1: 976 daAuts
    D:10: 874 daAuts
     D:9: 858 daAuts
    D:12: 800 daAuts
     D:1: 738 daAuts
     D:3: 687 daAuts
     D:5: 615 daAuts
     D:2: 600 daAuts
  Temple: 177 daAuts
    D:13: 29 daAuts
